 Dungeon Crawl Stone Soup version 0.20-a0-208-g55166f7 (webtiles) character file.

7556 Kaziganthi the Fencer (level 10, -1/77 HPs)
             Began as a Minotaur Fighter on Nov 25, 2016.
             Was a High Priest of Okawaru.
             Slain by Grum
             ... wielding a +0 glaive of freezing
              (2 damage)
             ... on level 11 of the Dungeon.
             The game lasted 00:40:21 (10311 turns).

Kaziganthi the Fencer (Minotaur Fighter)           Turns: 10311, Time: 00:40:22

Health: -1/77      AC: 16    Str: 25    XL:     10   Next: 96%
Magic:  9/9        EV:  7    Int:  5    God:    Okawaru [*****.]
Gold:   526        SH: 11    Dex:  9    Spells: 9/9 levels left

rFire  . . .     SeeInvis .     D - +1 scimitar (flame)
rCold  + . .     Gourm    .     I - +0 plate armour
rNeg   . . .     Faith    .     c - +0 shield
rPois  .         Spirit   .     s - +1 hat
rElec  .         Reflect  .     (no cloak)
rCorr  .         Harm     .     r - +1 pair of gloves
MR     .....                    (no boots)
Stlth  ..........               L - amulet of rage
                                h - ring of protection from cold
                                i - ring of wizardry

@: about to teleport
A: retaliatory headbutt, horns 2
a: Heroism, Finesse, Renounce Religion, Evoke Berserk Rage


You were on level 11 of the Dungeon.
You worshipped Okawaru.
Okawaru was extremely pleased with you.
You were near starving.

You visited 2 branches of the dungeon, and saw 12 of its levels.
You also visited: Sewer and Bailey.

You collected 526 gold pieces.

Inventory:

Hand Weapons
 a - a +0 long sword of draining
 D - a +1 scimitar of flaming (weapon)
 H - the cursed +2 fustibalus of Spring {speed, Int+4, unknown}
   (You took it off a gnoll shaman in a bailey)

   Attacks with this weapon are significantly faster.
   It affects your intelligence (+4).
   It has a curse placed upon it.
 X - a +5 glaive of protection
Armour
 c - a +0 shield (worn)
 r - a +1 pair of gloves (worn)
 s - a +1 hat (worn)
 I - a +0 plate armour (worn)
 S - +0 steam dragon scales
Jewellery
 e - a +2 ring of intelligence {unknown}
 h - a ring of protection from cold (right hand)
 i - a ring of wizardry (left hand)
 m - an uncursed ring of wizardry
 n - an uncursed amulet of harm
 q - an uncursed ring of magical power {unknown}
 L - an amulet of rage (around neck)
Wands
 g - a wand of slowing (43/48)
 t - a wand of iceblast (11/15)
 C - a wand of lightning (8/15)
 G - a wand of random effects (21/48)
 N - a wand of flame (12/48)
 O - a wand of lightning (6/15)
 P - a wand of paralysis (11/24)
 Q - a wand of flame (30/48)
 R - a wand of lightning (2/15)
Scrolls
 y - 3 scrolls of remove curse
 E - a scroll of enchant armour
 F - 2 scrolls of teleportation
 T - 2 scrolls of identify
 U - a scroll of enchant weapon {unknown}
 V - a scroll of recharging
Potions
 b - a potion of berserk rage
 d - 3 potions of might
 k - 5 potions of flight
 l - a potion of haste
 p - a potion of brilliance
 u - 6 potions of curing
 v - 3 potions of invisibility
 w - 2 potions of magic
 x - a potion of cure mutation
 z - a potion of cancellation {unknown}
Books
 A - a book of the Sky

   Spells                             Type                      Level
   a - Summon Lightning Spire         Summoning/Air                4
   b - Airstrike                      Air                          4
   c - Silence                        Hexes/Air                    5
   d - Deflect Missiles               Charms/Air                   6
   e - Conjure Ball Lightning         Conjuration/Air              6
   f - Tornado                        Air                          9
 J - a book of Minor Magic

   Spells                             Type                      Level
   a - Magic Dart                     Conjuration                  1
   b - Blink                          Translocation                2
   c - Call Imp                       Summoning                    2
   d - Repel Missiles                 Charms/Air                   2
   e - Slow                           Hexes                        2
   f - Conjure Flame                  Conjuration/Fire             3
   g - Mephitic Cloud                 Conjuration/Poison/Air       3
Miscellaneous
 K - a phial of floods
Comestibles
 f - 8 bread rations
 j - 2 slices of pizza
 o - 3 meat rations
 M - a beef jerky
 W - 2 fruits


   Skills:
 - Level 3.6 Fighting
 - Level 16.2 Long Blades
 + Level 7.0 Armour
 + Level 5.0 Dodging
 + Level 7.5 Shields


You had 9 spell levels left.
You didn't know any spells.

Dungeon Overview and Level Annotations

Branches:
Dungeon (11/15)            Temple (1/1) D:6            Lair (0/6) D:9
    Orc: D:9-12

Altars:
Ashenzari
Cheibriados
Dithmenos
Elyvilon
Fedhas
Gozag
Hepliaklqana
Kikubaaqudgha
Makhleb
Nemelex Xobeh
Okawaru
Qazlal
Ru
Sif Muna
Trog
Uskayaw
Vehumet
Xom
Yredelemnul
Zin
The Shining One

Annotations:
D:11 Grum


Innate Abilities, Weirdness & Mutations

You reflexively headbutt those who attack you in melee.
You have a pair of horns on your head.


Message History

* * * LOW HITPOINT WARNING * * *
The wolf bites you.
* * * LOW HITPOINT WARNING * * *
You feel better. The hound bites you but does no damage.
You block the wolf's attack. The water moccasin bites you.
* * * LOW HITPOINT WARNING * * *
Grum looks in disgust and grunts, "You ain't no friend of mine."
You block Grum's attack. The hound bites you but does no damage.
As you read the scroll of teleportation, it crumbles to dust.
You feel strangely unstable. The wolf closely misses you.
You riposte.
You closely miss the wolf.
The wolf is severely wounded.
The water moccasin bites you but does no damage.
The hound bites you but does no damage. You block the kobold's attack.
You block the wolf's attack.
Grum bares his teeth.
Grum hits you from afar with a glaive of freezing!
* * * LOW HITPOINT WARNING * * *
Grum freezes you.
You die...

...............
.)...........$.......
......................
.......................
.....................>..
........................
#......................
#.........†..hK.......
##..(....≈.)Kh@.......
##.......≈≈≈.ZS........
.#.......≈≈≈≈≈.g........
........≈≈≈≈≈≈≈........#
.........≈≈≈≈≈..........
..........≈≈≈........#.#
...........≈.........# #
.........%.........#.#
.$.../.............#


You could see Grum, a water moccasin, a wolf, a hound, 2 kobolds and a centaur
skeleton.

Vanquished Creatures
  A hill giant (D:10)
  A gargoyle (D:11)
  2 trolls (D:9)
  A two-headed ogre (D:9)
  A hippogriff (D:8)
  A spriggan (D:7)
  A wyvern (D:10)
  4 yaks (D:10)
  A steam dragon (D:8)
  A water moccasin (D:7)
  2 ice beasts
  An orc warrior (D:7)
  A sky beast (D:5)
  A necrophage (D:10)
  5 ogres
  A wolf (D:11)
  2 centaurs
  4 big kobolds
  3 bullfrogs
  8 gnoll sergeants (Bailey)
  A wyvern zombie (D:9)
  A scorpion (D:7)
  11 killer bees
  7 crimson imps
  5 howler monkeys
  2 quasits
  An iron imp (D:8)
  2 orc priests
  2 bullfrog zombies
  3 centaur skeletons
  4 hounds
  2 iguanas (D:7)
  6 gnoll shamans (Bailey)
  11 orc wizards
  5 worker ants
  2 killer bee zombies
  2 hound zombies
  17 gnolls
  2 river rats (Sewer)
  9 adders
  An ooze (D:3)
  3 adder zombies
  An adder skeleton (D:5)
  2 worms
  3 dart slugs
  7 leopard geckos
  28 orcs
  3 ball pythons
  8 bats
  3 giant cockroaches
  10 hobgoblins
  9 jackals
  4 quokkas
  10 goblins
  A goblin skeleton (D:8)
  3 hobgoblin zombies (D:8)
  23 kobolds
  2 kobold skeletons (D:8)
  A kobold zombie (D:8)
  A leopard gecko zombie (D:8)
  An orc skeleton (D:8)
  An orc zombie (D:8)
  A quokka zombie (D:7)
  8 rats
271 creatures vanquished.

Vanquished Creatures (others)
  An orc priest (D:3)
  3 orcs (D:3)
4 creatures vanquished.

Grand Total: 275 creatures vanquished

Notes
Turn   | Place    | Note
-------+----------+-------------------------------------------
     0 | D:1      | Kaziganthi the Minotaur Fighter began the quest for the Orb.
     0 | D:1      | Reached XP level 1. HP: 19/19 MP: 0/0
   106 | D:1      | Reached skill level 3 in Long Blades
   120 | D:1      | Reached XP level 2. HP: 19/26 MP: 1/1
   407 | D:1      | Reached skill level 4 in Long Blades
   407 | D:1      | Reached XP level 3. HP: 30/31 MP: 2/2
   610 | D:2      | Found a snail-covered altar of Cheibriados.
   715 | D:2      | Reached skill level 5 in Long Blades
   744 | D:2      | You fall through a shaft!
   748 | D:3      | Found an ancient bone altar of Kikubaaqudgha.
   753 | D:3      | Reached XP level 4. HP: 37/39 MP: 3/3
  1018 | D:2      | Found a hide-covered altar of Uskayaw.
  1301 | D:2      | Found an opulent altar of Gozag.
  1302 | D:2      | Found a sparkling altar of Nemelex Xobeh.
  1392 | D:3      | Found a stormy altar of Qazlal.
  1485 | D:3      | Reached skill level 6 in Long Blades
  1501 | D:3      | Reached XP level 5. HP: 35/45 MP: 4/4
  2015 | D:3      | Found an iron altar of Okawaru.
  2015 | D:3      | Found a bloodstained altar of Trog.
  2018 | D:3      | Became a worshipper of Warmaster Okawaru
  2241 | D:4      | Found a shadowy altar of Dithmenos.
  2272 | D:4      | Reached skill level 7 in Long Blades
  2296 | D:4      | Found a sacrificial altar of Ru.
  2809 | D:5      | Entered Level 5 of the Dungeon
  2886 | D:5      | Reached XP level 6. HP: 51/51 MP: 5/5
  3235 | D:5      | Reached skill level 8 in Long Blades
  3428 | D:5      | Noticed a sky beast
  3444 | D:5      | Killed a sky beast
  3444 | D:5      | Reached * piety under Okawaru
  3444 | D:5      | Reached skill level 9 in Long Blades
  3444 | D:5      | Reached XP level 7. HP: 44/57 MP: 6/6
  4012 | D:6      | Found a glowing drain.
  4021 | Sewer    | Entered a sewer
  4154 | Sewer    | Found a white marble altar of Elyvilon.
  4283 | D:6      | Reached skill level 10 in Long Blades
  4507 | D:6      | Found a staircase to the Ecumenical Temple.
  4514 | Temple   | Entered the Ecumenical Temple
  4952 | D:6      | Reached skill level 11 in Long Blades
  5078 | D:7      | Reached XP level 8. HP: 55/64 MP: 7/7
  5113 | D:7      | Reached ** piety under Okawaru
  5460 | D:7      | Reached skill level 12 in Long Blades
  6017 | D:7      | Reached skill level 13 in Long Blades
  6029 | D:7      | Found a white marble altar of Elyvilon.
  6146 | D:7      | Reached *** piety under Okawaru
  6146 | D:7      | Reached XP level 9. HP: 67/70 MP: 8/8
  6200 | D:8      | Found a glowing golden altar of the Shining One.
  6365 | D:8      | Found a flagged portal.
  6375 | Bailey   | Entered a bailey
  6384 | Bailey   | Reached skill level 14 in Long Blades
  6534 | Bailey   | HP: 1/70 [gnoll/spear (4)]
  7064 | Bailey   | Got a translucent fustibalus
  7288 | Bailey   | Reached skill level 15 in Long Blades
  7975 | D:8      | Reached **** piety under Okawaru
  8097 | D:8      | Reached skill level 16 in Long Blades
  8318 | D:9      | Noticed a troll
  8321 | D:9      | Killed a troll
  8321 | D:9      | Reached XP level 10. HP: 72/77 MP: 9/9
  8563 | D:9      | Reached skill level 1 in Dodging
  8631 | D:9      | Reached skill level 5 in Shields
  8862 | D:9      | Found a staircase to the Lair.
  9073 | D:9      | Found a stormy altar of Qazlal.
  9098 | D:9      | Identified a scroll of acquirement
  9121 | D:10     | Entered Level 10 of the Dungeon
  9159 | D:10     | Reached skill level 5 in Armour
  9705 | D:10     | Reached ***** piety under Okawaru
  9727 | D:10     | Noticed a hill giant
  9734 | D:10     | Killed a hill giant
  9734 | D:10     | Received a gift from Okawaru
 10269 | D:11     | Noticed a gargoyle
 10291 | D:11     | Killed a gargoyle
 10291 | D:11     | Reached skill level 5 in Dodging
 10304 | D:11     | Noticed Grum
 10311 | D:11     | HP: 1/77 [Grum/glaive of freezing (11)]
 10311 | D:11     | Slain by Grum

Vault maps used:
D:1:      shiori_angband_town
D:2:      grunt_temple_overflow_opulence, old_standard_altar,
          kennysheep_slug_shrine
D:3:      gammafunk_temple_overflow_elements, kiku_gazebo_garden_becter,
          nicolae_qazlal_eye_of_the_storm
D:4:      nicolae_overflow_hidden_temple, grunt_dithmenos_smoke_and_mirrors,
          serial_curves, eino_curves_01, eino_curves_03, first_bread
D:5:      st_stairs_2
D:6:      portal_sewer_entry_a
D:7:      lemuel_round_altar, the_bakery, kennysheep_nub
D:8:      nicolae_tso_besieged_by_evil, enter_bailey_8
D:9:      cheibrodos_helix_gallery, lemuel_doored_altar
D:11:     hiddenorc2_lemuel, uniq_grum
Temple:   jpeg_temple_alley_garden
Sewer:    sewer_kobolds
Bailey:   bailey_polearm_gnolls_kennysheep, bailey

Skill      XL: |  1  2  3  4  5  6  7  8  9 10 |
---------------+-------------------------------+-----
Long Blades    | 3 4 5 6 7 9 11 13 16 | 16.2
Shields        | 7 |  7.5
Armour         | 7 |  7.0
Dodging        | 5 |  5.0
Fighting       | |  3.6

Action                   |  1- 3 |  4- 6 |  7- 9 | 10-12 || total
-------------------------+-------+-------+-------+-------++-------
Melee: Long sword        |    79 |   192 |   540 |    93 ||   904
       Headbutt          |    15 |    40 |    94 |    44 ||   193
       Scimitar          |       |       |       |   128 ||   128
Invok: Heroism           |       |       |     3 |       ||     3
  Use: Scroll            |     1 |     9 |    11 |     3 ||    24
       Potion            |     1 |     1 |     3 |     2 ||     7
  Eat: Chunk             |       |     5 |    15 |     5 ||    25
       Bread ration      |       |     1 |       |       ||     1
Armor: Scale mail        |    31 |    21 |       |       ||    52
       Chain mail        |       |    69 |    66 |       ||   135
       Plate armour      |       |       |   198 |   129 ||   327
Dodge: Dodged            |    26 |    37 |    82 |    71 ||   216
Block: Shield            |    27 |    90 |   258 |   133 ||   508
       Rpst.: Long sword |     5 |    12 |    20 |     2 ||    39
       Scimitar          |       |       |       |    11 ||    11
